 Dungeon Crawl Stone Soup version 0.29-a0-284-gf9362112df (webtiles) character file.

Game seed: 314140052894847502

21 NinjaNoafa the Ducker (level 2, 0/23 HPs)
             Began as a Merfolk Gladiator on Mar 29, 2022.
             Was a Plaything of Xom.
             Succumbed to an adder's poison
             ... on level 2 of the Dungeon.
             The game lasted 00:05:42 (717 turns).

NinjaNoafa the Ducker (Merfolk Gladiator)            Turns: 717, Time: 00:05:42

Health: 0/23       AC:  7    Str: 13 (14) XL:     2   Next: 83%
Magic:  2/2        EV: 10    Int:  6 (7)  God:    Xom [..*...]
Gold:   24         SH:  0    Dex: 14 (15) Spells: 1/1 levels left

rFire   . . .      SeeInvis .   e - staff of air
rCold   . . .      Faith    .   (no shield)
rNeg    . . .      Spirit   .   h - +0 scale mail
rPois   .          Reflect  .   c - +0 helmet
rElec   +          Harm     .   (no cloak)
rCorr   .          Rampage  .   (no gloves)
Will    .....                   (no boots)
Stlth   ..........              (no amulet)
HPRegen 0.07/turn               (no ring)
MPRegen 0.08/turn               (no ring)

@: lethally poisoned (0 -> -5)
A: (nimble swimmer 2), mertail
a: Renounce Religion


You were on level 2 of the Dungeon.
You worshipped Xom.
You were a toy of Xom.
You visited 1 branch of the dungeon, and saw 2 of its levels.

You collected 24 gold pieces.

Inventory:

Hand Weapons
 a - a +0 trident
 f - a +0 hunting sling
Missiles
 d - a throwing net (quivered)
 i - a javelin
Armour
 c - a +0 helmet (worn)
 h - a +0 scale mail (worn)
Magical Staves
 e - a staff of air (weapon)


   Skills:
 + Level 2.6 Fighting
 + Level 4.1 Polearms
 + Level 2.0 Throwing
 + Level 0.3 Armour
 + Level 4.4 Dodging
 + Level 0.2 Stealth
 * Level 0.4 Evocations


You had one spell level left.
You didn't know any spells.
Your spell library was empty.

Dungeon Overview and Level Annotations

Branches:
Dungeon (2/15)

Altars:
Xom


Innate Abilities, Weirdness & Mutations

((You are very nimble when in or above water. (Stealth+, EV+, Speed+++)))
Your lower body shifts to a powerful aquatic tail in water.


Message History

The throwing net hits the frilled lizard.
The frilled lizard is caught in the net!
You feel sick. The adder bites you but does no damage.
You barely miss the adder.
You feel sick. The adder closely misses you.
The frilled lizard struggles against the net.
The adder closely misses you.
The frilled lizard struggles against the net.
You barely miss the adder.
You feel sick. The adder bites you but does no damage.
The frilled lizard struggles against the net.
The adder bites you but does no damage.
You closely miss the adder.
You feel sick. The adder barely misses you.
The frilled lizard struggles against the net.
You hit the adder.
The adder is lightly wounded.
You feel sick.
You are no longer poisoned.
The adder closely misses you.
The frilled lizard struggles against the net.
The net rips apart, and the frilled lizard comes free!
The adder closely misses you.
You barely miss the adder.
The adder is lightly wounded.
The frilled lizard bites you but does no damage.
The adder bites you.
* * * LOW HITPOINT WARNING * * *
You are lethally poisoned!
The adder poisons you!
It was a potion of degeneration.
There was something very wrong with that liquid.
You feel weakened.
You feel dopey.
You feel clumsy.
Xom roars with laughter!
* * * LOW HITPOINT WARNING * * *
You feel sick. The adder closely misses you.
The frilled lizard barely misses you.
As you read the scroll of fear, it crumbles to dust.
You assume a fearsome visage.
The adder looks frightened!
The frilled lizard looks frightened!
You die...
Xom snickers!

≈≈≈≈≈≈≈≈PP≈≈≈≈
≈≈≈≈≈≈≈≈≈≈≈≈≈
≈≈≈≈≈≈≈≈P.≈P
≈≈P≈≈≈.≈≈..
≈≈.P≈..... ..
≈[.......##>...
......lS.........
#@# .... #)# ...
#######.# <.#
###.....#.####.####
..........†........
..........<..####
#............####
#...................
#.........##..######


You could see an adder (fleeing) and a frilled lizard (fleeing).

Vanquished Creatures
  An adder (D:2)
  3 ball pythons
  A bat (D:1)
  A giant cockroach (D:2)
  2 hobgoblins (D:1)
  2 goblins
  2 rats
12 creatures vanquished.

Vanquished Creatures (others)
  4 fungi (D:1)
  7 plants
11 creatures vanquished.

Grand Total: 23 creatures vanquished

Notes
Turn   | Place    | Note
-------+----------+-------------------------------------------
     0 | D:1      | NinjaNoafa the Merfolk Gladiator began the quest for the
                  | Orb.
     0 | D:1      | Reached XP level 1. HP: 16/16 MP: 1/1
   441 | D:1      | Found a faded altar of an unknown god.
   458 | D:1      | Prayed at the altar of an unknown god.
   458 | D:1      | Became a worshipper of Xom of Chaos
   508 | D:1      | Reached XP level 2. HP: 22/23 MP: 2/2
   716 | D:2      | HP: 1/23 [poisoned by an adder]
   717 | D:2      | Succumbed to an adder's poison

Illustrated notes

Levels and vault maps discovered:
D:1:      enne_arrival_octagon_isle, layout_basic,
          shapermc_ecumenical_altar_mp_urbaneastern, grunt_decor_resistance,
          minmay_misc_feat_encased
D:2:      layout_rooms, chequers_big_river, minmay_pentomino_v4,
          uniq_crazy_yiuf_cottage

Action                   || total
-------------------------++-------
Melee: Trident           ||    56
       Punch             ||     2
       Staff             ||    31
Throw: Javelin           ||     5
       Throwing net      ||     2
  Use: Scroll            ||     2
       Potion            ||     1
Armor: Leather armour    ||     8
       Scale mail        ||    36
Dodge: Dodged            ||    65

Table legend: (Time is in decaauts)
 A = Elapsed time spent in this place.
 B = Non-inter-level travel time spent in this place.
 C = Inter-level travel time spent in this place.
 D = Time resting spent in this place.
 E = Time spent auto-exploring this place.
 F = Levels seen in this place.
 G = Mean time per level.
                   A        B        C        D        E       F      G
               +--------+--------+--------+--------+--------+-----+--------+
         Total |    727 |    727 |      0 |    257 |      0 |   2 |  363.5 |
       Dungeon |    727 |    727 |      0 |    257 |      0 |   2 |  363.5 |
               +--------+--------+--------+--------+--------+-----+--------+

Top non-repeatable levels by time:
     D:1: 657 daAuts
     D:2: 70 daAuts
